 Dungeon Crawl Stone Soup version 0.24-a0-443-g80245de385 (webtiles) character file.

Game seed: 16084833158506933096

751 Krouwed the Vexing (level 8, -1/58 HPs)
             Began as a Human Arcane Marksman on June 21, 2019.
             Slain by an ice beast (3 damage)
             ... on level 4 of the Dungeon.
             The game lasted 00:29:00 (5747 turns).

Krouwed the Vexing (Human Arcane Marksman)          Turns: 5747, Time: 00:29:00

Health: -1/58      AC:  3    Str:  8 (11) XL:     8   Next: 6%
Magic:  12/12      EV: 18    Int: 13 (14) God:
Gold:   248        SH:  0    Dex: 14 (15) Spells: 3/13 levels left

rFire    . . .     SeeInvis .   b - +0 short sword
rCold    . . .     Gourm    .   (no shield)
rNeg     . . .     Faith    .   c - +0 leather armour
rPois    .         Spirit   .   (helmet restricted)
rElec    .         Reflect  .   (no cloak)
rCorr    .         Harm     .   (no gloves)
MR       .....                  (no boots)
Stlth    ++........             (no amulet)
HPRegen  0.19/turn              d - +5 ring of evasion
MPRegen  0.13/turn              (no ring)

@: no status effects
A: fangs 1, horns 1
a: no special abilities


You were on level 4 of the Dungeon.
You were hungry.

You visited 1 branch of the dungeon, and saw 4 of its levels.
You also visited: Sewer.

You collected 248 gold pieces.

Inventory:

Hand Weapons
 a - a +0 shortbow
 b - a +0 short sword (weapon)
 i - a +0 hand crossbow
 u - a +0 antimagic war axe
 y - a +0 hand crossbow
Missiles
 k - 48 bolts
Armour
 c - a +0 leather armour (worn)
Jewellery
 d - a +5 ring of evasion (left hand)
 j - an uncursed ring of flight
Wands
 w - a wand of random effects (27)
Scrolls
 g - 8 scrolls of identify
 h - 4 scrolls of remove curse {unknown}
 l - 4 scrolls of teleportation
 n - a scroll of magic mapping {unknown}
 p - 2 scrolls of enchant armour {unknown}
 t - a scroll of enchant weapon {unknown}
Potions
 q - 5 potions of curing
 r - a potion of brilliance {unknown}
 v - a potion of degeneration
 A - a potion of agility
Comestibles
 f - 10 rations


   Skills:
 + Level 3.4 Fighting
 + Level 2.1 Short Blades
 + Level 3.8 Bows
 + Level 3.9 Dodging
 - Level 2.0 Stealth
 + Level 3.1 Spellcasting
 + Level 4.4 Hexes


You had 3 spell levels left.
You knew the following spells:

 Your Spells              Type           Power        Failure   Level  Hunger
a - Corona                Hex            ##.....      5%          1    #......
b - Slow                  Hex            ##......     8%          2    ##.....
c - Portal Projectile     Hex/Tloc       #.....       36%         3    ###....
d - Cause Fear            Hex            ##........   45%         4    #####..

Your spell library contained the following spells:

 Spells                   Type           Power        Failure   Level  Hunger
 Inner Flame              Hex/Fire       #.......     36%         3    ###....
 Leda's Liquefaction      Hex/Erth       #.........   78%         4    #####..


Dungeon Overview and Level Annotations

Branches:
Dungeon (4/15)
 Temple: D:4-7

Altars:
Kikubaaqudgha
Trog
Wu Jian
Xom


Innate Abilities, Weirdness & Mutations

You have very sharp teeth.
You have a pair of small horns on your head.


Message History

The ice beast barely misses you.
You hit the ice beast.
The ice beast is lightly wounded.
The ice beast barely misses you.
You hit the ice beast.
You headbutt the ice beast, but do no damage.
The ice beast is moderately wounded.
The ice beast completely misses you.
You hit the ice beast but do no damage.
The ice beast is moderately wounded.
The ice beast misses you.
You hit the ice beast.
You headbutt the ice beast, but do no damage.
Your bite misses the ice beast.
The ice beast is moderately wounded.
The ice beast barely misses you.
You hit the ice beast.
The ice beast is heavily wounded.
The ice beast hits you.
You die...

#### ≈ .### .##.o##
#.#≈≈≈## #.≈#..#######
^^..#.^##...#
≈§≈≈.≈≈##...#########
§o.#s..#............##
..^≈≈≈.#.(..(..Y@....#
#g≈.#.#.....(.#####..#
..≈⌠≈.≈##..(### #..#
##(.#.###...# #..#
###### ≈#.###.######
#..# #....# ###. ###
#..# #....# .. #. #..#
#....# #. . #..# #...≈#
#.#
##########..#######...≈#


You could see an ice beast.

Vanquished Creatures
  2 eyes of draining (D:3)
  2 big kobolds (Sewer)
  A howler monkey (D:4)
  A crimson imp (D:3)
  An orc priest (D:3)
  An iguana (D:4)
  A worker ant (D:4)
  12 adders
  A gnoll (D:3)
  A river rat (D:4)
  4 oozes
  6 worms
  2 dart slugs
  5 leopard geckos
  9 orcs
  5 ball pythons
  5 giant cockroaches
  5 hobgoblins
  2 jackals (D:4)
  3 quokkas
  7 bats
  5 frilled lizards
  7 goblins
  21 kobolds
  14 rats
123 creatures vanquished.

Notes
Turn   | Place    | Note
-------+----------+-------------------------------------------
     0 | D:1      | Krouwed the Human Arcane Marksman began the quest for the
                  | Orb.
     0 | D:1      | Reached XP level 1. HP: 15/15 MP: 2/2
    96 | D:1      | Reached XP level 2. HP: 21/21 MP: 3/3
   228 | D:1      | Reached XP level 3. HP: 24/26 MP: 3/5
   544 | D:2      | Found an ancient bone altar of Kikubaaqudgha.
   811 | D:2      | Reached XP level 4. HP: 33/33 MP: 6/6
  1274 | D:2      | Learned a level 2 spell: Slow
  1278 | D:2      | Learned a level 3 spell: Portal Projectile
  1827 | D:3      | Reached XP level 5. HP: 38/38 MP: 7/7
  1863 | D:3      | Found an ornate altar of the Wu Jian Council.
  2744 | D:3      | Reached XP level 6. HP: 22/45 MP: 9/9
  2946 | D:3      | Noticed an eye of draining
  2975 | D:3      | Killed an eye of draining
  2975 | D:3      | Reached skill level 1 in Short Blades
  2975 | D:3      | Reached skill level 1 in Stealth
  2990 | D:3      | Found a bloodstained altar of Trog.
  2990 | D:3      | Noticed an eye of draining
  3008 | D:3      | Killed an eye of draining
  3008 | D:3      | Reached skill level 4 in Hexes
  3008 | D:3      | Reached XP level 7. HP: 51/51 MP: 1/10
  3606 | D:4      | Found a glowing drain.
  3613 | Sewer    | Entered a sewer
  4499 | Sewer    | Learned a level 4 spell: Cause Fear
  5017 | D:4      | Reached XP level 8. HP: 48/58 MP: 12/12
  5388 | D:4      | Gained mutation: You have a pair of small horns on your
                  | head. [potion of mutation]
  5388 | D:4      | Gained mutation: You have very sharp teeth. [potion of
                  | mutation]
  5701 | D:4      | Found a shimmering altar of Xom.
  5740 | D:4      | HP: 1/58 [ice beast (13)]
  5747 | D:4      | Slain by an ice beast

Levels and vault maps discovered:
D:1:      dpeg_arrival_pits, layout_basic
D:2:      layout_basic, kiku_gazebo_pond_becter
D:3:      layout_loops_ring, lemuel_crystal_altar, hangedman_decor_push,
          trog_eyes_of_draining
D:4:      layout_loops_ring, tgw_xom, first_ration, lightli_sewer_entry_pipes

Skill      XL: |  1  2  3  4  5  6  7 |
---------------+----------------------+-----
Fighting       | 2 3 |  3.4
Spellcasting   | 2 3 |  3.1
Dodging        | 3 |  3.9
Bows           | 3 |  3.8
Short Blades   | 1 2 |  2.1
Stealth        | 1 2 |  2.0
Hexes          | 4 |  4.4

Action                   |  1- 3 |  4- 6 |  7- 9 || total
-------------------------+-------+-------+-------++-------
Melee: Short sword       |       |   109 |   320 ||   429
       Headbutt          |       |       |     4 ||     4
       Bite              |       |       |     2 ||     2
 Fire: Shortbow          |    80 |    61 |     6 ||   147
Throw: Dart              |     7 |    65 |    73 ||   145
       Boomerang         |       |    34 |     4 ||    38
 Cast: Corona            |     1 |    14 |     8 ||    23
       Slow              |       |     5 |       ||     5
  Use: Scroll            |     1 |     1 |     3 ||     5
       Potion            |     1 |       |     8 ||     9
 Stab: Sleeping          |       |     1 |     4 ||     5
  Eat: Ration            |       |     1 |     2 ||     3
       Chunk             |       |     4 |     2 ||     6
Armor: Robe              |     8 |    11 |    15 ||    34
       Leather armour    |       |       |    10 ||    10
Dodge: Dodged            |    23 |   136 |   273 ||   432

Table legend:
 A = Non-vault XP
 B = Vault XP
 C = Vault XP percentage of total XP
 D = Non-vault monster count
 E = Vault monster count
 F = Vault count percentage of total count
                 A         B        C        D         E       F
            +---------+---------+-------+---------+---------+-------
      Total |     492 |     582 |  54.2 |      85 |      38 |  30.9
            +---------+---------+-------+---------+---------+-------
        D:1 |      50 |       0 |   0.0 |      26 |       0 |   0.0
        D:2 |      78 |       0 |   0.0 |      20 |       0 |   0.0
        D:3 |     174 |     277 |  61.4 |      25 |       4 |  13.8
        D:4 |     190 |      52 |  21.5 |      14 |      10 |  41.7
      Sewer |       0 |     253 | 100.0 |       0 |      24 | 100.0
            +---------+---------+-------+---------+---------+-------
